 Dungeon Sprint DCSS version 0.23.2-40-g277498a001 (webtiles) character file.

Game seed: 14637081217884530369

718 Nivan the Fighter (level 7, -3/73 HPs)
             Began as a Minotaur Fighter on Sept 27, 2019.
             Was an Initiate of Okawaru.
             Slain by a sun demon (19 damage)
             ... summoned by a kobold demonologist
             ... in the Dungeon (Sprint I: "Red Sonja").
             The game lasted 00:03:24 (597 turns).

Nivan the Fighter (Minotaur Fighter)                 Turns: 597, Time: 00:03:25

Health: -3/73      AC:  8    Str: 23    XL:     7   Next: 42%
Magic:  6/6        EV:  9    Int:  5    God:    Okawaru [......]
Gold:   421        SH: 11    Dex:  9    Spells: 6/6 levels left

rFire    . . .     SeeInvis .   a - +0 war axe
rCold    . . .     Gourm    .   c - +0 shield
rNeg     . . .     Faith    .   b - +0 scale mail
rPois    .         Spirit   .   (helmet restricted)
rElec    .         Reflect  .   (no cloak)
rCorr    .         Harm     .   (no gloves)
MR       .....     NoTele   +   (no boots)
Stlth    ..........             (no amulet)
HPRegen  0.22/turn              (no ring)
MPRegen  0.10/turn              (no ring)

@: lethally poisoned (-3 -> -10)
A: retaliatory headbutt, horns 2
a: Renounce Religion


You were in the Dungeon.
You worshipped Okawaru.
Okawaru was noncommittal.
You were not hungry.

You visited 1 branch You collected 421 gold pieces.

Inventory:

Hand Weapons
 a - a +0 war axe (weapon)
Armour
 b - a +0 scale mail (worn)
 c - a +0 shield (worn)
 m - a +0 buckler
 n - a +0 ring mail
Scrolls
 k - a scroll of blinking
Potions
 d - a potion of might
 e - a potion of curing
 g - a potion of heal wounds
 h - a potion of haste
 i - 2 potions of magic
 j - a potion of berserk rage
Comestibles
 f - a ration


   Skills:
 + Level 10.6 Fighting
 + Level 10.6 Axes
 + Level 10.1 Armour
 + Level 2.0 Dodging
 + Level 9.4 Shields


You had 6 spell levels left.
You didn't know any spells.
Your spell library was empty.

Dungeon Overview and Level Annotations

Branches:
Dungeon (1/1)

Altars:
Cheibriados
Dithmenos
Elyvilon
Fedhas
Gozag
Hepliaklqana
Kikubaaqudgha
Makhleb
Nemelex Xobeh
Okawaru
Qazlal
Ru
Sif Muna
Trog
Uskayaw
Vehumet
Wu Jian
Xom
Yredelemnul
Zin
The Shining One
Jiyva
Lugonu

Shops:
D ?


Innate Abilities, Weirdness & Mutations

You reflexively headbutt those who attack you in melee.
You have a pair of horns on your head.


Message History

The kobold demonologist is almost dead.
Your shield prevents you from hitting the shadow imp.
You hit the sun demon but do no damage.
You feel sick. You block the red devil's attack.
The kobold demonologist hits you but does no damage.
The shadow imp barely misses you. You furiously retaliate!
You headbutt the shadow imp!
You kill the shadow imp!
The sun demon hits you but does no damage.
You closely miss the kobold demonologist.
You headbutt the kobold demonologist.
The kobold demonologist is almost dead.
You barely miss the sun demon.
You feel sick.
The quasit disappears in a puff of smoke!
The red devil hits you from afar with a +0 demon trident of venom!
The kobold demonologist hits you but does no damage.
The sun demon hits you!!
* * * LOW HITPOINT WARNING * * *
You are engulfed in flames!!
You die...

#####################
.)..#..'..#__#..@KK.#
.#..').#..'^.'..#344#
###'#####'#__####555+
##..#...#.#### ####
_####..##.#
____##'#_.+
.∩...÷..._#
..__##_.#'#
____###+#.#


You could see a sun demon, a rust devil, 2 kobold demonologists, a red devil, a
quasit, a white imp and a shadow imp.

Vanquished Creatures
  A slime creature (D)
  Sigmund (D)
  A yak (D)
  A floating eye (D)
  An ogre (D)
  A jelly (D)
  Ijyb (D)
7 creatures vanquished.

Vanquished Creatures (others)
  A gargoyle (D)
1 creature vanquished.

Grand Total: 8 creatures vanquished

Notes
Turn   | Place    | Note
-------+----------+-------------------------------------------
     0 | D        | Nivan the Minotaur Fighter began the quest for the Orb.
     0 | D        | Reached XP level 1. HP: 19/19 MP: 0/0
     2 | D        | Noticed Ijyb
    10 | D        | Killed Ijyb
    10 | D        | Reached skill level 5 in Fighting
    10 | D        | Reached skill level 5 in Armour
    10 | D        | Reached skill level 5 in Shields
    10 | D        | Reached XP level 2. HP: 28/29 MP: 1/1
    14 | D        | Noticed an ogre
    21 | D        | Killed an ogre
    21 | D        | Reached skill level 5 in Axes
    21 | D        | Reached XP level 3. HP: 27/38 MP: 2/2
    21 | D        | Reached XP level 4. HP: 32/45 MP: 3/3
   108 | D        | Noticed Sigmund
   113 | D        | Killed Sigmund
   113 | D        | Reached XP level 5. HP: 50/56 MP: 4/4
   129 | D        | Found a deep blue altar of Sif Muna.
   130 | D        | Found an ornate altar of the Wu Jian Council.
   131 | D        | Found a radiant altar of Vehumet.
   138 | D        | Reached XP level 6. HP: 28/62 MP: 5/5
   236 | D        | Killed a gargoyle
   305 | D        | Found Udyfol's Magic Scroll Emporium.
   305 | D        | Found an ancient bone altar of Kikubaaqudgha.
   305 | D        | Found a hazy altar of Hepliaklqana.
   305 | D        | Found a stormy altar of Qazlal.
   305 | D        | Found a hide-covered altar of Uskayaw.
   305 | D        | Found a blossoming altar of Fedhas.
   305 | D        | Found a bloodstained altar of Trog.
   305 | D        | Found an iron altar of Okawaru.
   305 | D        | Found a basalt altar of Yredelemnul.
   305 | D        | Found a glowing golden altar of the Shining One.
   305 | D        | Found a snail-covered altar of Cheibriados.
   305 | D        | Found a sacrificial altar of Ru.
   305 | D        | Found a glowing silver altar of Zin.
   305 | D        | Found a shadowy altar of Dithmenos.
   305 | D        | Found a white marble altar of Elyvilon.
   305 | D        | Noticed a yak
   313 | D        | Killed a yak
   313 | D        | Reached skill level 1 in Dodging
   314 | D        | Found an opulent altar of Gozag.
   317 | D        | Found a sparkling altar of Nemelex Xobeh.
   323 | D        | Became a worshipper of Warmaster Okawaru
   339 | D        | Found a burning altar of Makhleb.
   339 | D        | Found a viscous altar of Jiyva.
   339 | D        | Found a shimmering altar of Xom.
   339 | D        | Found a corrupted altar of Lugonu.
   339 | D        | Noticed a slime creature
   351 | D        | Killed a slime creature
   351 | D        | Reached skill level 10 in Fighting
   351 | D        | Reached skill level 10 in Axes
   351 | D        | Reached XP level 7. HP: 23/72 MP: 6/6
   586 | D        | Noticed a kobold demonologist
   586 | D        | Noticed a kobold demonologist
   588 | D        | Noticed a rust devil
   589 | D        | Noticed a red devil
   589 | D        | Reached skill level 10 in Armour
   593 | D        | Noticed a sun demon
   597 | D        | Slain by a sun demon

Skill      XL: |  1  2  3  4  5  6  7 |
---------------+----------------------+-----
Fighting       | 5 6 8 10 | 10.6
Axes           | 3 5 7 10 | 10.6
Armour         | 5 6 8 9 10 | 10.1
Shields        | 5 6 8 9 |  9.4
Dodging        | 1 2 |  2.0

Action                   |  1- 3 |  4- 6 |  7- 9 || total
-------------------------+-------+-------+-------++-------
Melee: War axe           |    13 |    28 |    10 ||    51
       Headbutt          |     2 |     7 |     2 ||    11
Armor: Scale mail        |     6 |     5 |     3 ||    14
Dodge: Dodged            |     3 |     6 |     6 ||    15
Block: Shield            |     3 |     7 |    11 ||    21
